 Dungeon Crawl Stone Soup version 0.17-a0-1651-gae1a69f (webtiles) character file.

269 db47h the Digger (level 6, -2/46 HPs)
             Began as a Draconian Earth Elementalist on Aug 14, 2015.
             Slain by an orc warrior
             ... wielding a +0 glaive
              (21 damage)
             ... on level 3 of the Dungeon.
             The game lasted 00:37:06 (2813 turns).

db47h the Digger (Draconian Earth Elementalist)     Turns: 2813, Time: 00:37:06

Health: -2/46      AC:  7    Str:  8    XL:     6   Next: 1%
Magic:  1/12       EV: 12    Int: 18    God:
Gold:   126        SH:  0    Dex: 11    Spells: 4 memorised, 4 levels left

rFire  . . .     SeeInvis .     a - 163 stones
rCold  . . .     Clarity  .     (armour unavailable)
rNeg   + . .     SustAt   .     (no shield)
rPois  .         Gourm    .     (helmet restricted)
rElec  .         Spirit   .     (no cloak)
rCorr  .         Warding  .     o - +0 pair of gloves
rMut   .         Stasis   .     (no boots)
MR     .....                    k - amulet of regeneration
Stlth  ++........               (no ring)
                                g - ring of positive energy

@: very slightly contaminated, not resistant to hostile enchantments, unstealthy
A: unfitting armour, weak 1, cold-blooded, AC +6
a: no special abilities


You were on level 3 of the Dungeon.
You were hungry.

You visited 1 branch of the dungeon, and saw 3 of its levels.

You collected 126 gold pieces.

Inventory:

Hand weapons
 l - a +0 falchion
 s - a +0 blowgun
 u - a +2 greatsling of freezing
Missiles
 a - 163 stones (in hand)
 b - 7 steel javelins
 f - 24 sling bullets
 n - 41 poisoned needles
Armour
 d - a +0 pair of boots
 o - a +0 pair of gloves (worn)
Jewellery
 g - a ring of positive energy (left hand)
 k - an amulet of regeneration (around neck)
 q - a +5 ring of intelligence {unknown}
Magical devices
 r - a wand of hasting (0)
Scrolls
 h - a scroll of enchant armour
Potions
 t - a potion of berserk rage
Books
 e - a book of Geomancy

   Spells                             Type                      Level
   a - Sandblast                      Earth                        1
   b - Stoneskin                      Transmutation/Earth          2
   c - Passwall                       Transmutation/Earth          3
   d - Stone Arrow                    Conjuration/Earth            3
   e - Petrify                        Transmutation/Earth          4
   f - Lee's Rapid Deconstruction     Earth                        5
Comestibles
 c - a bread ration
 j - a beef jerky
 p - a slice of pizza


   Skills:
 + Level 0.4 Fighting
   Level 0.2 Short Blades
 + Level 2.4 Dodging
 + Level 2.3 Stealth
 + Level 4.0 Spellcasting
 + Level 0.6 Conjurations
 + Level 1.0 Transmutations
 + Level 4.6 Earth Magic


You had 4 spell levels left.
You knew the following spells:

 Your Spells              Type           Power        Failure   Level  Hunger
a - Sandblast             Erth           ###...       1%          1    None
b - Stoneskin             Trmt/Erth      ##......     10%         2    ##.....
c - Passwall              Trmt/Erth      ##........   17%         3    ###....
d - Stone Arrow           Conj/Erth      ##....       17%         3    ###....


Dungeon Overview and Level Annotations

Branches:
Dungeon (3/15)

Altars:
Fedhas
Okawaru
Ru


Innate Abilities, Weirdness & Mutations

Your plain brown scales are hard (AC +6).
Your body does not fit into most forms of armour.
You are cold-blooded and may be slowed by cold attacks.
You are weak. (Str -2)


Message History

Press: ? - help, Shift-Dir - straight line, f/p - orc warrior
Aim: an orc warrior, wielding a glaive and wearing a plate armour (heavily wounded)
You miscast Sandblast.
Nothing appears to happen.
The orc warrior hits you but does no damage.
Casting: Sandblast
Confirm with . or Enter, or press ? or * to list all spells.
Aiming: Sandblast
Press: ? - help, Shift-Dir - straight line, f/p - orc warrior
Aim: an orc warrior, wielding a glaive and wearing a plate armour (heavily wounded)
The rocky blast misses the orc warrior.
The rocky blast misses the orc.
The orc warrior hits you from afar with a glaive!!
Casting: Sandblast
Confirm with . or Enter, or press ? or * to list all spells.
Aiming: Sandblast
Press: ? - help, Shift-Dir - straight line, f/p - orc warrior
Aim: an orc warrior, wielding a glaive and wearing a plate armour (heavily wounded)
The rocky blast hits the orc warrior.
The orc warrior is heavily wounded.
The orc warrior hits you from afar with a glaive!!
You die...

### ##.##########
################............
#......ooo..........###.....
#.#########@.......##.......
#.# #.#####.###.#..... #.#
#.# #.# #.#.###. ####o# #.##
#.###.#.# #.
#..o.#########..## #..>....#
#. #o#####..........#
####....###. #.#
#.#######..# #.......##. #o#
#.# #..# #.......... #.# #.#
#..# #........##


You could see an orc warrior and 2 orcs.

Vanquished Creatures
  3 orc priests (D:3)
  An orc wizard (D:3)
  6 adders
  An ooze (D:3)
  2 worms (D:2)
  2 giant geckos
  6 orcs (D:3)
  A ball python (D:1)
  4 giant cockroaches
  8 goblins
  6 hobgoblins
  4 jackals (D:2)
  10 kobolds
  2 quokkas
  12 bats
  2 giant newts
  7 rats
77 creatures vanquished.

Notes
Turn   | Place    | Note
--------------------------------------------------------------
     0 | D:1      | db47h the Draconian Earth Elementalist began the quest for the Orb.
     0 | D:1      | Reached XP level 1. HP: 14/14 MP: 3/3
   249 | D:1      | Reached XP level 2. HP: 20/20 MP: 0/5
   390 | D:1      | Learned a level 2 spell: Stoneskin
   898 | D:2      | Gained mutation: You are agile. (Dex +2) [potion of mutation]
   898 | D:2      | Gained mutation: You are weak. (Str -2) [potion of mutation]
   898 | D:2      | Lost mutation: You are agile. (Dex +2) [potion of mutation]
   958 | D:2      | Reached XP level 3. HP: 26/26 MP: 2/7
  1188 | D:2      | Found a sacrificial altar of Ru.
  1694 | D:2      | Reached XP level 4. HP: 33/33 MP: 3/8
  1905 | D:3      | Learned a level 3 spell: Passwall
  1909 | D:3      | Learned a level 3 spell: Stone Arrow
  1953 | D:3      | Found an iron altar of Okawaru.
  1957 | D:3      | Reached skill level 4 in Earth Magic
  2255 | D:3      | Reached XP level 5. HP: 37/39 MP: 1/10
  2532 | D:3      | Found a blossoming altar of Fedhas.
  2653 | D:3      | Reached XP level 6. HP: 44/46 MP: 7/12
  2763 | D:3      | Noticed an orc warrior
  2813 | D:3      | Slain by an orc warrior

Vault maps used:
D:1:      minmay_arrival_stone_box
D:2:      nicolae_ru_awakened_eye
D:3:      overflow_temple_1_default, fedhas_altar_3

Action                   |  1- 3 |  4- 6 || total
-------------------------+-------+-------++-------
Melee: Short sword       |    30 |    24 ||    54
       Falchion          |       |    19 ||    19
 Cast: Sandblast         |    86 |    43 ||   129
       Stoneskin         |     1 |       ||     1
       Stone Arrow       |       |    12 ||    12
       Passwall          |       |     1 ||     1
Evoke: Wand              |     1 |       ||     1
  Use: Scroll            |     4 |     2 ||     6
       Potion            |     5 |     3 ||     8
  Eat: Chunk             |     4 |     5 ||     9
